 Dungeon Crawl Stone Soup version 0.26-a0-158-g66bac3cce0 (webtiles) character file.

Game seed: 943386281613053573

1478955 Xenophilius the Conqueror (level 27, 249/249 HPs)
             Began as a Barachi Transmuter on July 2, 2020.
             Was the Champion of Okawaru.
             Escaped with the Orb
             ... and 3 runes on July 3, 2020!
             The game lasted 10:57:00 (109969 turns).

Xenophilius the Conqueror (Barachi Transmuter)    Turns: 109969, Time: 10:57:01

Health: 249/249    AC: 29    Str: 22    XL:     27
Magic:  39/39      EV: 30    Int: 22    God:    Okawaru [******]
Gold:   570        SH: 19    Dex: 17    Spells: 2/51 levels left

rFire    + + +     SeeInvis .     - Unarmed
rCold    + + .     Faith    .   F - +5 kite shield {AC+3}
rNeg     + + +     Spirit   .   x - +4 ring mail of the Unstoppable Youths {rF+ Str+7}
rPois    +         Reflect  .   W - +1 helmet of Vamoaw {+Fly rElec rC+}
rElec    +         Harm     .   e - +1 cloak of Qoteac {rF+ rC+ rN+ Dex+3}
rCorr    +         Clarity  +   R - +3 pair of gloves "Hugyibbi" {+Fly rPois MR+}
MR       ++++.                  j - +1 pair of boots "Jaituvvu" {rPois rN+}
Stlth    +.........             h - macabre finger necklace {rN+}
HPRegen  0.51/turn              G - ring "Axeden" {*Contam +Inv rPois rN++ rCorr, =R}
MPRegen  0.26/turn              u - +4 ring of protection {=R}
                                V - ring of the Hart {MR+ rCorr}

@: slow
A: +LOS, swims, repulsion field 2, blurry vision 1, clarity, deformed body, fire
resistance 1, screaming 1, slowness 1, subdued magic 1, strong legs 2
0: Orb of Zot
}: 3/15 runes: decaying, serpentine, slimy
a: Hop, Heroism, Finesse, Renounce Religion, Evoke Invisibility, Evoke Flight


You escaped.
You worshipped Okawaru.
Okawaru was exalted by your worship.
You were full.

You visited 11 branches of the dungeon, and saw 56 of its levels.
You visited the Abyss 1 time.
You visited 1 bazaar.
You also visited: Trove, Bailey and Volcano.

You collected 12235 gold pieces.
You spent 11665 gold pieces at shops.

Inventory:

Missiles
 w - 20 throwing nets
 y - 52 boomerangs (quivered)
 J - 3 curare-tipped darts
 Z - 51 silver javelins
Armour
 e - the +1 cloak of Qoteac (worn) {rF+ rC+ rN+ Dex+3}
   (Okawaru gifted it to you on level 3 of the Crypt)

   It affects your dexterity (+3).
   It protects you from fire.
   It protects you from cold.
   It protects you from negative energy.
 j - the +1 pair of boots "Jaituvvu" (worn) {rPois rN+}
   (You bought it in a shop on level 12 of the Dungeon)

   It protects you from poison.
   It protects you from negative energy.
 x - the +4 ring mail of the Unstoppable Youths (worn) {rF+ Str+7}
   (You bought it in a shop on level 12 of the Dungeon)

   It affects your strength (+7).
   It protects you from fire.
 F - a +5 kite shield of protection (worn)
 R - the +3 pair of gloves "Hugyibbi" (worn) {+Fly rPois MR+}
   (You bought it in a shop on level 2 of the Orcish Mines)

   It protects you from poison.
   It affects your resistance to hostile enchantments.
   It lets you fly.
 W - the +1 helmet of Vamoaw (worn) {+Fly rElec rC+}
   (You found it on level 3 of the Lair of Beasts)

   It protects you from cold.
   It insulates you from electricity.
   It lets you fly.
Jewellery
 h - the macabre finger necklace (around neck) {rN+}
   (You bought it in a shop on level 4 of the Snake Pit)

   [amulet of nothing]

   It protects you from negative energy.
 i - the ring of Wavuy {rF+ rC- Str+3 Dex+4}
   (You found it on level 2 of the Depths)

   [ring of protection from fire]

   It affects your strength (+3).
   It affects your dexterity (+4).
   It protects you from fire.
   It makes you vulnerable to cold.
 u - a +4 ring of protection (right hand) {=R}
 G - the ring "Axeden" (left hand) {*Contam +Inv rPois rN++ rCorr, =R}
   (You bought it in a shop on level 2 of the Orcish Mines)

   [ring of resist corrosion]

   It protects you from poison.
   It greatly protects you from negative energy.
   It lets you turn invisible.
   It causes magical contamination when unequipped.
   It provides partial protection from all sources of acid and corrosion.
 V - the ring of the Hart (on amulet) {MR+ rCorr}
   (You found it on level 5 of the Pits of Slime)

   [ring of resist corrosion]

   It affects your resistance to hostile enchantments.
   It provides partial protection from all sources of acid and corrosion.
 Y - an uncursed ring of see invisible
Wands
 g - a wand of paralysis (48)
 z - a wand of digging (10)
 I - a wand of acid (30)
 L - a wand of clouds (14)
 Q - a wand of iceblast (54)
 S - a wand of enslavement (12)
Scrolls
 o - 6 scrolls of blinking
 p - 4 scrolls of fog
 A - 33 scrolls of remove curse
 B - 8 scrolls of fear
 C - 10 scrolls of immolation
 D - 3 scrolls of silence
 K - 3 scrolls of summoning
 M - 4 scrolls of vulnerability
 O - 14 scrolls of teleportation
 P - 3 scrolls of torment
 X - a scroll of holy word
Potions
 a - 3 potions of ambrosia
 c - 4 potions of resistance
 f - 5 potions of cancellation
 k - 3 potions of magic
 l - 20 potions of curing
 m - 10 potions of lignification
 n - 12 potions of mutation
 r - 10 potions of flight
 t - 7 potions of heal wounds
 E - 12 potions of haste
 N - a potion of might
 T - 5 potions of invisibility
Miscellaneous
 b - a lightning rod (4/4)
 q - 3 boxes of beasts
 s - 9 phantom mirrors
 v - a tin of tremorstones (3/3)
 U - a phial of floods
Comestibles
 d - 9 rations


   Skills:
 O Level 27 Fighting
 - Level 11.0 Throwing
 + Level 13.6 Armour
 - Level 22.0 Dodging
 - Level 5.0 Stealth
 - Level 15.0 Shields
 - Level 22.0 Unarmed Combat
 - Level 12.5 Spellcasting
 - Level 8.0 Hexes
 - Level 9.0 Charms
 - Level 11.0 Necromancy
 - Level 7.0 Translocations
 - Level 16.0 Transmutations
 - Level 9.0 Ice Magic
 - Level 8.0 Air Magic
 - Level 12.0 Earth Magic
   Level 5.0 Poison Magic
 - Level 8.0 Invocations
 - Level 10.0 Evocations


You had 2 spell levels left.
You knew the following spells:

 Your Spells              Type           Power        Failure   Level  Hunger
b - Lesser Beckoning      Tloc           ####......   1%          3    None
d - Dispel Undead         Necr           #####...     1%          4    None
l - Lee's Rapid Deconstr  Erth           ######....   1%          5    ####...
v - Borgnjor's Vile Clut  Necr/Erth      #####.....   1%          5    ####...
w - Passwall              Tmut/Erth      ######..     0%          2    None
B - Blink                 Tloc           N/A          1%          2    None
D - Dragon Form           Tmut           ######....   6%          7    #######
H - Blade Hands           Tmut           ######....   1%          5    ####...
I - Silence               Hex/Air        #####.....   5%          5    ####...
L - Song of Slaying       Chrm           #####...     1%          2    None
R - Frozen Ramparts       Ice            #####.       1%          3    None
S - Statue Form           Tmut/Erth      ######...    2%          6    #####..

Your spell library contained the following spells:

 Spells                   Type           Power        Failure   Level  Hunger
 Beastly Appendage        Tmut           ######       0%          1    None
 Sticks to Snakes         Tmut           ######..     0%          2    None
 Animate Skeleton         Necr           N/A          1%          1    None
 Corona                   Hex            #####..      1%          1    None
 Freeze                   Ice            ####         1%          1    None
 Infusion                 Chrm           ####         1%          1    None
 Sandblast                Erth           ######       1%          1    None
 Shock                    Conj/Air       ###.         1%          1    None
 Sting                    Tmut/Pois      ####         1%          1    None
 Corpse Rot               Necr/Air       N/A          1%          2    None
 Ensorcelled Hibernation  Hex/Ice        #####.       1%          2    None
 Poisonous Vapours        Pois/Air       ####..       1%          2    None
 Shroud of Golubria       Chrm/Tloc      #####.       1%          2    None
 Slow                     Hex            #####...     1%          2    None
 Sublimation of Blood     Necr           #####.....   1%          2    None
 Swiftness                Chrm/Air       #####...     1%          2    None
 Foxfire                  Conj/Fire      ##..         5%          1    None
 Magic Dart               Conj           ##..         5%          1    None
 Summon Butterflies       Summ           ##......     5%          1    None
 Summon Small Mammal      Summ           ##..         5%          1    None
 Call Imp                 Summ           ##......     8%          2    None
 Confusing Touch          Hex            #####...     1%          3    None
 Gell's Gravitas          Tloc           ####......   1%          3    None
 Ignite Poison            Fire/Tmut/Pois ####....     1%          3    None
 Ozocubu's Armour         Chrm/Ice       #####...     1%          3    None
 Portal Projectile        Hex/Tloc       #####.       1%          3    None
 Spectral Weapon          Hex/Chrm       #####...     1%          3    None
 Spider Form              Tmut/Pois      #####.....   1%          3    None
 Stone Arrow              Conj/Erth      ####..       1%          3    None
 Teleport Other           Tloc           ####....     1%          3    None
 Tukima's Dance           Hex            #####...     1%          3    None
 Cause Fear               Hex            #####.....   1%          4    None
 Ice Form                 Ice/Tmut       ######..     1%          4    None
 Leda's Liquefaction      Hex/Erth       #####.....   1%          4    None
 Petrify                  Tmut/Erth      ######..     1%          4    None
 Agony                    Necr           #####...     1%          5    ####...
 Yara's Violent Unravell  Hex/Tmut       ######....   1%          5    ####...
 Hydra Form               Tmut           ######....   1%          6    #####..
 Dazzling Flash           Conj/Hex       ###...       2%          3    None
 Inner Flame              Hex/Fire       ###.....     2%          3    None
 Mephitic Cloud           Conj/Pois/Air  ####....     2%          3    None
 Excruciating Wounds      Chrm/Necr      #####.....   2%          5    ####...
 Recall                   Summ/Tloc      N/A          3%          3    None
 Metabolic Englaciation   Hex/Ice        #####.....   4%          5    ####...
 Irradiate                Conj/Tmut      #####.....   5%          5    ####...
 Olgreb's Toxic Radiance  Pois           ####....     7%          4    None
 Hailstorm                Conj/Ice       ####....     9%          4    None
 Summon Ice Beast         Ice/Summ       ####....     9%          4    None
 Death Channel            Necr           #####.....   9%          6    #####..
 Simulacrum               Ice/Necr       #####.....   14%         6    #####..
 Call Canine Familiar     Summ           ##......     17%         3    None
 Conjure Flame            Conj/Fire      ##......     17%         3    None
 Ozocubu's Refrigeration  Ice            #####.....   22%         6    #####..
 Iskenderun's Battlesphe  Conj/Chrm      ####....     24%         5    ####...
 Bolt of Magma            Conj/Fire/Erth ###.......   30%         5    ####...
 Lightning Bolt           Conj/Air       ###.......   30%         5    ####...
 Summon Mana Viper        Hex/Summ       ###.....     30%         5    ####...
 Darkness                 Hex            #####.....   32%         6    #####..
 Invisibility             Hex            #####...     32%         6    #####..
 Summon Forest            Summ/Tloc      ###.......   36%         5    ####...
 Sticky Flame             Conj/Fire      ##......     50%         4    None
 Iron Shot                Conj/Erth      ####......   61%         6    #####..
 Freezing Cloud           Conj/Ice/Air   ####......   65%         6    #####..
 Necromutation            Tmut/Necr      ######....   83%         8    #######
 Aura of Abjuration       Summ           ##........   86%         5    ####...
 Fireball                 Conj/Fire      ##........   86%         5    ####...
 Summon Demon             Summ           ##........   86%         5    ####...
 Haunt                    Necr/Summ      ####......   99%         7    #######
 Borgnjor's Revivificati  Necr           #####.....   99%         8    #######
 Infestation              Necr           #####.....   99%         8    #######
 Shadow Creatures         Summ           N/A          100%        6    #####..
 Starburst                Conj/Fire      ##........   100%        6    #####..
 Orb of Destruction       Conj           ##........   100%        7    #######
 Ring of Flames           Chrm/Fire      ####......   100%        7    #######
 Spellforged Servitor     Conj/Summ      ##........   100%        7    #######
 Summon Hydra             Summ           ##........   100%        7    #######
 Death's Door             Chrm/Necr      #####.....   100%        8    #######
 Discord                  Hex            #####.....   100%        8    #######
 Ignition                 Fire           ##........   100%        8    #######
 Shatter                  Erth           ######....   100%        9    #######
 Passage of Golubria      Tloc           Unusable     N/A         4    N/A

Dungeon Overview and Level Annotations

Branches:
Dungeon (15/15)            Temple (0/1) D:7            Lair (6/6) D:11
  Swamp (4/4) Lair:3        Snake (4/4) Lair:2        Slime (5/5) Lair:6
    Orc (2/2) D:12            Elf (3/3) Orc:2        Vaults (4/5) D:14
  Crypt (3/3) Vaults:2       Tomb (0/3) Crypt:3      Depths (5/5) D:15
    Zot (5/5) Depths:5     Bailey (visited)         Volcano (visited)

Altars:
Gozag
Kikubaaqudgha
Okawaru
Qazlal
Ru
Trog
Xom
Yredelemnul
The Shining One
Jiyva
Lugonu

Shops:
D:12 **   D:15 (   Orc:1 (   Orc:2 [(=*(   Elf:1 !***   Elf:2 (   Elf:3 :
Snake:2 %   Snake:3 (?*(   Snake:4 ==}   Vaults:1 :[[:!   Vaults:3 (
Vaults:4 =

Portals:
Hell: Depths:1 Depths:2 Depths:3 Depths:4 Depths:5
Abyss: Depths:4
Pandemonium: Depths:2 Depths:3 Depths:5
Ziggurat: Depths:3

Annotations:
Elf:2 5 runed translucent doors


Innate Abilities, Weirdness & Mutations

You can be seen from farther away. (+LOS)
You can swim through water.
You cover ground slowly.
You can hop long distances.
You are surrounded by a moderate repulsion field. (EV +3)
Scrolls take you a little longer to read.
You possess an exceptional clarity of mind.
Armour fits poorly on your strangely shaped body.
Your flesh is heat resistant. (rF+)
You occasionally shout uncontrollably at your foes.
Your spells are a little easier to cast, but a little less powerful.


Message History

The red devil is too close now for your liking.
(D) Dungeon (T) Temple (L) Lair (S) Swamp (P) Snake Pit (M) Slime Pits (O) Orcish Mines (E) Elven Halls (V) Vaults (C) Crypt (W) Tomb (U) Depths (H) Hell (Z) Zot
Where to? (Enter - D:1 @ (x,y), ? - help)
Things that are here:
a +0 giant club; a +0 falchion
There is a stone staircase leading up here.
You climb upwards.
There is a stone staircase leading down here.
There is an escape hatch in the ceiling here.
A mysterious force pulls you upwards. The hatch slams shut behind you.
There is a stone staircase leading up here.
You climb upwards.
There is a stone staircase leading down here.
There is an open door, spattered with blood here.
There is an open door here.
There is a staircase leading out of the dungeon here.
You have escaped!

'..........)÷..............###.#
#..........#................##.##
...........+.#########..##.......
...........#########♣♣...##......
.#####'########....#♣....♣##.....
........# #.#....#♣....♣ #.....
........# ♣)##...#♣....♣ #...##
........# ♣♣≈≈#'#.#..#### #...#
........# ♣≈≈≈#@#.#..#..# #...##
........# ♣≈≈≈###'#..#..# #....#
........# #♣≈))......♣#..###.....
........# #≈≈≈≈≈.....♣#''##......
........# #≈.88≈.######..##......
........# #≈≈≈≈≈##<.'....##......
...###'## #≈≈.≈≈#...########.....
...###'## #♣≈)≈.#...#♣♣♣♣ ##.###
........###♣≈≈≈.##.##♣..# ###..##


There were no monsters in sight!

Vanquished Creatures
  the Royal Jelly (Slime:5)
  10 orbs of fire
  6 ancient liches
  Mara (Crypt:2)
  Boris (Depths:3)
  the Lernaean hydra (Swamp:4)
  3 Killer Klowns (Zot:5)
  Saint Roka (Orc:1)
  Bai Suzhen (Snake:3)
  Vashnia (Snake:2)
  2 caustic shrikes
  A curse toe (Zot:5)
  8 golden dragons
  A bone dragon (Crypt:3)
  3 electric golems
  19 tentacled monstrosities
  An Ice Fiend (Zot:4)
  2 Hell Sentinels
  4 deep elf blademasters (Elf:3)
  4 titans
  Asterion (Depths:3)
  5 deep elf master archers (Elf:3)
  26 Orb Guardians
  9 quicksilver dragons
  8 liches
  11 acid blobs
  4 sphinxes
  10 death cobs
  2 sphinxes (shapeshifter)
  10 storm dragons
  A tentacled starspawn (Abyss:3)
  3 ancient champions
  2 draconian monks
  11 azure jellies
  A thorn hunter (Swamp:3)
  6 shadow dragons
  4 tengu reavers
  5 revenants
  11 nagarajas
  6 fire giants
  5 deep elf sorcerers (Elf:3)
  2 iron dragons
  11 draconian knights
  7 frost giants
  The ghost of Hitos the Summoner, a journeyman DrSu of Sif Muna (Snake:4)
  6 vault wardens
  Louise (Elf:3)
  A balrug (Zot:1)
  A ghost moth (Zot:5)
  5 draconian scorchers
  A deep elf elementalist (Elf:3)
  Aizul (Swamp:3)
  4 draconian annihilators
  7 ghouls
  3 ironheart preservers
  3 draconian shifters
  30 very ugly things
  5 draconian stormcallers
  2 spriggan defenders (Depths:4)
  8 war gargoyles
  17 stone giants
  15 vampire knights
  2 entropy weavers
  A lorocyproca (Abyss:3)
  19 green draconians
  7 purple draconians
  14 yellow draconians
  14 white draconians
  7 deep elf annihilators
  18 black draconians
  A deep elf demonologist (Elf:2)
  11 spark wasps
  8 red draconians
  A merfolk javelineer (Depths:1)
  3 blizzard demons
  15 crystal guardians
  14 ettins
  7 eidola
  8 death oozes
  10 jiangshi
  3 deep elf death magi
  15 yaktaur captains
  10 fire dragons
  2 deep elf high priests
  Josephine (D:15)
  A quicksilver dragon zombie (Crypt:3)
  The ghost of Qyacle Coxe the Geomancer, a journeyman GrEE of Sif Muna (Lair:3)
  A fire dragon (shapeshifter) (Depths:4)
  A hell beast (Depths:4)
  17 hydras
  14 great orbs of eyes
  6 rakshasas
  4 spriggan air magi
  21 ice dragons
  A juggernaut simulacrum (Depths:4)
  22 naga warriors
  8 vault guards (D:14)
  The ghost of Bvern the Magician, a journeyman DsWz of Cheibriados (Orc:2)
  A shambling mangrove (Swamp:3)
  3 death knights
  2 monstrous demonspawn (Depths:3)
  12 centaur warriors
  15 anacondas
  An alligator (shapeshifter) (D:12)
  9 deep troll earth magi
  39 dancing weapons
  A queen ant (shapeshifter) (Depths:3)
  27 two-headed ogres
  7 alligators
  6 vampire magi
  A death yak (Lair:3)
  The ghost of gruber the Protected, a novice MiFi of Okawaru (D:12)
  10 deep troll shamans
  8 ogre magi
  A tengu warrior (D:12)
  6 spriggan berserkers
  19 naga sharpshooters
  A titan zombie (Crypt:3)
  8 shock serpents
  4 soul eaters
  A titan skeleton (Crypt:2)
  4 iron trolls
  27 skeletal warriors
  12 deep elf knights
  2 wretched stars (Abyss:3)
  13 hell knights
  7 shadow wraiths
  A salamander mystic (Snake:4)
  3 golden dragon zombies (Crypt:3)
  An unseen horror (D:13)
  A torturous demonspawn (Depths:3)
  6 flayed ghosts
  2 ghost moth zombies
  An anaconda zombie (Crypt:2)
  An unseen horror (shapeshifter) (Vaults:2)
  19 deep trolls
  8 naga ritualists
  A shadow dragon zombie (Crypt:2)
  11 deep elf archers
  4 obsidian statues (Depths:2)
  16 swamp dragons
  2 golden dragon skeletons
  5 orc knights
  7 phantasmal warriors
  Pikel (D:7)
  9 glowing orange brains
  2 spriggan druids
  5 wizards
  A wolf spider zombie (D:15)
  14 ironbrand convokers
  11 necromancers
  9 mana vipers
  6 orc sorcerers
  2 stone giant zombies
  An orb spider (Lair:6)
  8 wolf spiders
  A harpy (shapeshifter) (Depths:2)
  4 harpies (Vaults:2)
  41 deep elf magi
  2 frost giant zombies
  An iron dragon zombie (Crypt:3)
  67 ugly things
  An orb spider (shapeshifter) (Elf:1)
  13 cyclopes
  A wolf spider (shapeshifter) (Depths:2)
  2 worldbinders (Abyss:3)
  4 oklob plants (Lair:1)
  13 salamanders
  6 shining eyes
  A manticore (D:15)
  A manticore (shapeshifter) (Depths:5)
  A shock serpent zombie (Crypt:2)
  A stone giant skeleton (Crypt:2)
  3 elephants (Lair:4)
  21 moths of wrath
  35 naga magi
  4 frost giant skeletons
  A dire elephant zombie (Crypt:1)
  A salamander (shapeshifter) (Vaults:4)
  A smoke demon (Abyss:3)
  A sphinx skeleton (Crypt:1)
  11 vault sentinels
  A fire giant skeleton (Vaults:4)
  Joseph (D:9)
  A rust devil (Depths:4)
  36 black mambas
  18 spiny frogs
  4 guardian serpents
  Maggie (D:6)
  An eye of devastation (Slime:3)
  4 molten gargoyles
  6 gargoyles
  A dire elephant skeleton (Crypt:2)
  A komodo dragon (shapeshifter) (Vaults:1)
  An elf zombie (Depths:4)
  52 yaktaurs
  A grey draconian zombie (Crypt:2)
  A yaktaur zombie (D:15)
  10 komodo dragons
  10 freezing wraiths
  A yaktaur skeleton (Vaults:4)
  A hellwing (Depths:3)
  3 efreet
  3 guardian mummies (Crypt:1)
  A tormentor (Abyss:3)
  4 tengu conjurers
  3 ancient zymes (Abyss:3)
  A red devil (Depths:4)
  A death yak skeleton (Crypt:2)
  A meliai (shapeshifter) (Vaults:2)
  5 trolls
  A death drake zombie (Crypt:1)
  A hydra zombie (Crypt:2)
  A queen bee (shapeshifter) (Vaults:4)
  A jumping spider (shapeshifter) (Depths:5)
  A jumping spider (Vaults:4)
  14 hornets
  3 polar bears (Lair:6)
  10 tyrant leeches
  2 wind drakes (Depths:2)
  A blink frog (Lair:6)
  Grinder (D:4)
  12 bog bodies
  74 slime creatures
  4 large abominations (Abyss:3)
  A raiju (shapeshifter) (Vaults:4)
  5 dream sheep (Lair:6)
  A fire dragon zombie (Crypt:3)
  A spriggan zombie (D:15)
  43 flying skulls
  7 hippogriffs
  A fire dragon skeleton (Crypt:2)
  A redback (Vaults:2)
  A deep troll skeleton (D:15)
  4 vampires (Crypt:1)
  9 wraiths
  2 ice dragon skeletons
  18 spriggans
  An ettin skeleton (Crypt:1)
  An ettin zombie (Crypt:1)
  A shadow (Crypt:1)
  5 air elementals
  16 water elementals
  A small abomination (Abyss:3)
  4 hungry ghosts
  Eustachio (D:6)
  5 fire elementals (Depths:2)
  9 basilisks
  29 yaks
  2 fire bats (Volcano)
  2 wyverns (Lair:4)
  An alligator skeleton (Crypt:3)
  A steam dragon (D:9)
  A chaos spawn (Abyss:3)
  2 neqoxecs (Abyss:3)
  20 vampire mosquitoes
  15 swamp worms
  2 wargs
  A soldier ant (shapeshifter) (Vaults:4)
  An acid dragon (Vaults:2)
  6 insubstantial wisps
  68 nagas
  11 water moccasins
  A floating eye (Depths:3)
  10 porcupines
  2 infernal demonspawn skeletons (Crypt:2)
  28 orc warriors
  3 slaves (D:7)
  7 ice beasts
  2 sky beasts
  13 swamp drakes
  6 black bears
  6 eyes of draining
  3 phantoms
  A snapping turtle zombie (Crypt:2)
  7 necrophages
  22 wolves
  33 ogres
  9 boggarts
  A boggart (shapeshifter) (Depths:1)
  25 centaurs
  15 crocodiles
  5 big kobolds
  27 bullfrogs
  A komodo dragon zombie (Crypt:2)
  A gnoll sergeant (D:5)
  12 earth elementals
  A water moccasin zombie (D:7)
  A water moccasin skeleton (Crypt:2)
  7 scorpions
  6 killer bees (D:11)
  3 wights (D:14)
  A raiju skeleton (Crypt:1)
  4 howler monkeys
  2 electric eels
  5 centaur zombies
  10 lava snakes
  3 bullfrog zombies
  A demonspawn zombie (Crypt:2)
  5 quasits
  3 bullfrog skeletons
  7 hounds
  3 jellies
  16 orc wizards
  5 human zombies
  12 orc priests
  A centaur skeleton (D:4)
  An iron imp (Depths:3)
  5 iguanas
  13 worker ants
  4 human skeletons (Crypt:1)
  A tengu zombie (Crypt:1)
  A naga skeleton (Crypt:1)
  2 hound skeletons
  2 worker ant zombies
  8 gnolls
  12 adders
  A scorpion zombie (Crypt:2)
  9 white imps
  5 ufetubi
  An ooze (shapeshifter) (Depths:2)
  An ooze (D:3)
  2 adder skeletons (D:7)
  4 worms
  2 ball lightnings (Depths:2)
  4 dart slugs
  An adder simulacrum (D:8)
  4 leopard geckos
  62 orcs
  4 giant cockroaches
  5 goblins
  13 hobgoblins
  2 jackals
  25 kobolds
  3 quokkas
  4 ball pythons
  A ball python skeleton (D:4)
  7 bats
  A frilled lizard (shapeshifter) (Vaults:4)
  2 frilled lizards
  A frilled lizard zombie (Crypt:1)
  A jackal simulacrum (D:8)
  2 leopard gecko skeletons
  A leopard gecko zombie (D:9)
  11 rats
  2 plants (Lair:1)
2442 creatures vanquished.

Vanquished Creatures (collateral kills)
  Rupert (Lair:3)
  A wizard (D:14)
  An adder (D:3)
  A leopard gecko (D:1)
  A kobold (D:14)
5 creatures vanquished.

Vanquished Creatures (others)
  A very ugly thing (Zot:1)
  A deep elf annihilator (Elf:3)
  A deep elf mage (Elf:2)
  A naga mage (Snake:4)
  A yaktaur (Vaults:3)
  An air elemental (Depths:2)
  A white imp (D:7)
  11 ball lightnings (Depths:2)
  43 fungi
  29 plants
90 creatures vanquished.

Grand Total: 2537 creatures vanquished

Notes
Turn   | Place    | Note
-------+----------+-------------------------------------------
     0 | D:1      | Xenophilius the Barachi Transmuter began the quest for the
                  | Orb.
     0 | D:1      | Reached XP level 1. HP: 15/15 MP: 3/3
   564 | D:1      | Reached XP level 2. HP: 21/21 MP: 3/5
   568 | D:1      | Learned a level 2 spell: Sticks to Snakes
  1628 | D:1      | Reached XP level 3. HP: 26/26 MP: 4/6
  1731 | D:1      | Learned a level 3 spell: Spider Form
  1974 | D:1      | Reached skill level 1 in Stealth
  2494 | D:2      | You fall into a shaft and drop 1 floor!
  2914 | D:3      | Noticed a bullfrog
  2930 | D:3      | Killed a bullfrog
  2930 | D:3      | Reached skill level 1 in Poison Magic
  2930 | D:3      | Reached XP level 4. HP: 15/32 MP: 1/8
  3501 | D:3      | Reached XP level 5. HP: 33/37 MP: 7/9
  5407 | D:3      | Reached XP level 6. HP: 19/43 MP: 6/10
  5577 | D:4      | Noticed Grinder
  5861 | D:4      | Found an iron altar of Okawaru.
  5866 | D:4      | Became a worshipper of Warmaster Okawaru
  6012 | D:4      | Reached XP level 7. HP: 31/48 MP: 7/12
  6121 | D:4      | Learned a level 4 spell: Ice Form
  6648 | D:5      | Entered Level 5 of the Dungeon
  6909 | D:4      | Paralysed by Grinder for 2 turns
  7008 | D:5      | Reached skill level 5 in Transmutations
  7249 | D:5      | Reached * piety under Okawaru
  7453 | D:5      | Found a bloodstained altar of Trog.
  7641 | D:5      | Reached XP level 8. HP: 54/54 MP: 12/14
  7657 | D:5      | Reached skill level 5 in Poison Magic
  7779 | D:5      | Reached skill level 5 in Unarmed Combat
  7779 | D:5      | Reached skill level 1 in Invocations
  7924 | D:5      | Reached ** piety under Okawaru
  8335 | D:6      | Found an opulent altar of Gozag.
  8370 | D:6      | Noticed a troll
  8376 | D:6      | Reached skill level 1 in Ice Magic
  8406 | D:5      | Killed a troll
  8615 | D:6      | Noticed Maggie
  8875 | D:6      | Killed Maggie
  8875 | D:6      | Reached *** piety under Okawaru
  8875 | D:6      | Reached skill level 5 in Stealth
  8875 | D:6      | Reached skill level 5 in Ice Magic
  8875 | D:6      | Reached XP level 9. HP: 43/59 MP: 10/15
  9447 | D:6      | Noticed Eustachio
 10153 | D:6      | Killed Eustachio
 10254 | D:7      | Reached **** piety under Okawaru
 10285 | D:7      | Reached skill level 5 in Invocations
 10320 | D:7      | Found a staircase to the Ecumenical Temple.
 10419 | D:7      | Noticed Pikel
 10446 | D:7      | Killed Pikel
 10573 | D:7      | Reached XP level 10. HP: 54/65 MP: 12/16
 10802 | D:7      | Reached ***** piety under Okawaru
 11147 | D:7      | Found a sacrificial altar of Ru.
 11436 | D:7      | Learned a level 5 spell: Blade Hands
 11667 | D:8      | Found a bloodstained altar of Trog.
 11727 | D:8      | Noticed a death yak
 12044 | D:8      | Noticed a two-headed ogre
 12089 | D:8      | Killed a two-headed ogre
 12779 | D:4      | Killed Grinder
 12858 | D:4      | Reached skill level 10 in Transmutations
 12901 | D:4      | Learned a level 2 spell: Blink
 13248 | D:9      | Received a gift from Okawaru
 13348 | D:9      | Noticed Joseph
 13356 | D:9      | Killed Joseph
 13356 | D:9      | Reached skill level 2 in Fighting
 14045 | D:9      | Reached XP level 11. HP: 60/73 MP: 15/17
 14568 | D:10     | Entered Level 10 of the Dungeon
 14877 | D:10     | Reached skill level 1 in Translocations
 14877 | D:10     | Reached skill level 1 in Evocations
 15077 | D:10     | Reached skill level 3 in Fighting
 16160 | D:11     | Found a staircase to the Lair.
 17065 | D:11     | Reached skill level 5 in Spellcasting
 17091 | D:11     | Noticed a cyclops
 17093 | D:11     | HP: 1/76 [cyclops/large rock (34)]
 17783 | D:11     | Reached ****** piety under Okawaru
 17783 | D:11     | Reached skill level 4 in Fighting
 18074 | Lair:1   | Entered Level 1 of the Lair of Beasts
 18101 | Lair:1   | Learned a level 3 spell: Ozocubu's Armour
 18108 | Lair:1   | Noticed a four-headed hydra
 18158 | Lair:1   | Reached skill level 1 in Charms
 18335 | Lair:1   | Noticed an oklob plant
 18335 | Lair:1   | Noticed an oklob plant
 18336 | Lair:1   | Noticed an oklob plant
 18337 | Lair:1   | Noticed an oklob plant
 18438 | Lair:1   | Killed a four-headed hydra
 18700 | Lair:1   | Received a gift from Okawaru
 18960 | D:11     | Reached skill level 5 in Charms
 19267 | D:11     | Reached XP level 12. HP: 80/83 MP: 13/21
 20737 | Lair:2   | Received a gift from Okawaru
 20904 | Lair:2   | Found a staircase to the Snake Pit.
 20922 | Lair:2   | Received a gift from Okawaru
 20929 | Lair:2   | Got a fine robe {god gift}
 20939 | Lair:2   | Learned a level 3 spell: Frozen Ramparts
 21869 | Lair:2   | Found a stormy altar of Qazlal.
 22041 | Lair:3   | Found a staircase to the Swamp.
 22376 | Lair:3   | Found a transporter.
 22376 | Lair:3   | Noticed Qyacle Coxe's ghost (journeyman GrEE)
 22395 | Lair:3   | Noticed Rupert
 22432 | Lair:2   | Reached skill level 1 in Throwing
 23295 | Lair:3   | Identified the +0 robe "Qapet" {rC+} (Okawaru gifted it to
                  | you on level 2 of the Lair of Beasts)
 23303 | Lair:3   | Found a transporter.
 23535 | Lair:3   | Killed Rupert
 23535 | Lair:3   | Received a gift from Okawaru
 23535 | Lair:3   | Reached skill level 5 in Dodging
 23728 | Lair:3   | Noticed a death yak
 24040 | Lair:3   | Killed a death yak
 24040 | Lair:3   | Reached skill level 5 in Fighting
 24257 | Lair:3   | Found an iron altar of Okawaru.
 24548 | Lair:4   | Gained mutation: You can hop long distances. [Barachi
                  | growth]
 24548 | Lair:4   | Reached XP level 13. HP: 91/91 MP: 14/22
 25761 | Lair:5   | Reached skill level 6 in Fighting
 26139 | Lair:5   | Reached skill level 10 in Unarmed Combat
 26517 | Lair:6   | Entered Level 6 of the Lair of Beasts
 26543 | Lair:6   | Reached skill level 5 in Evocations
 26615 | Lair:6   | Found a staircase to the Slime Pits.
 26649 | Lair:6   | Found a dark tunnel.
 26663 | Volcano  | Entered a volcano
 26867 | Volcano  | Received a gift from Okawaru
 27420 | Volcano  | Found a bloodstained altar of Trog.
 28159 | Lair:6   | Found a viscous altar of Jiyva.
 28261 | Lair:6   | Reached skill level 7 in Fighting
 28708 | Lair:6   | Reached skill level 5 in Throwing
 28723 | Lair:6   | Received a gift from Okawaru
 28800 | Lair:6   | Reached XP level 14. HP: 60/104 MP: 4/23
 29500 | Lair:6   | Reached skill level 8 in Fighting
 29999 | Lair:6   | Found a viscous altar of Jiyva.
 29999 | Lair:6   | Found a staircase to the Slime Pits.
 31245 | Lair:6   | Got a pair of distressingly furry gloves {god gift}
 31256 | Lair:6   | Identified the +2 pair of gloves of Fuhitzau {rElec MP+9}
                  | (Okawaru gifted it to you on level 6 of the Lair of Beasts)
 31469 | D:12     | Identified the Compendium of Scorching Dark Secrets
 31561 | D:12     | Found a runed translucent gate.
 31562 | D:12     | Found a runed translucent gate.
 31562 | D:12     | Found a runed translucent gate.
 31565 | D:12     | Found an opulent altar of Gozag.
 31565 | D:12     | Noticed gruber's ghost (novice MiFi)
 31567 | D:12     | Found Naoppois's Assorted Antiques.
 31667 | D:12     | Found Hustydow's Assorted Antiques.
 31710 | D:12     | Bought a heavily runed ring mail for 279 gold pieces
 31710 | D:12     | Bought a pair of twisted boots for 294 gold pieces
 31710 | D:12     | Identified the +1 pair of boots "Jaituvvu" {rPois rN+} (You
                  | bought it in a shop on level 12 of the Dungeon)
 31722 | D:12     | Bought a scroll of identify for 62 gold pieces
 31722 | D:12     | Identified the +4 ring mail of the Unstoppable Youths {rF+
                  | Str+7} (You bought it in a shop on level 12 of the Dungeon)
 31767 | D:12     | Found a staircase to the Orcish Mines.
 31852 | Orc:1    | Entered Level 1 of the Orcish Mines
 31882 | Orc:1    | Found Oskotydo's Antique Weapon Boutique.
 31902 | Orc:1    | Found a flagged portal.
 32031 | Bailey   | Entered a bailey
 32574 | Bailey   | Reached XP level 15. HP: 110/110 MP: 25/25
 32581 | Bailey   | Learned a level 5 spell: Borgnjor's Vile Clutch
 32814 | Orc:2    | Entered Level 2 of the Orcish Mines
 32921 | Orc:2    | Found Yloabick's Jewellery Emporium.
 33061 | Orc:1    | Reached skill level 1 in Armour
 33137 | Orc:2    | Noticed Saint Roka
 33493 | Orc:1    | Killed Saint Roka
 33493 | Orc:1    | Received a gift from Okawaru
 33691 | Orc:1    | Reached skill level 5 in Earth Magic
 33728 | Orc:2    | Gained mutation: Your spells are a little easier to cast,
                  | but a little less powerful. [a neqoxec]
 33729 | Orc:2    | Paralysed by an orc sorcerer for 3 turns
 33729 | Orc:2    | Gained mutation: Your spells are easier to cast, but less
                  | powerful. [a neqoxec]
 34082 | Orc:1    | Reached skill level 5 in Translocations
 34160 | Orc:2    | Found Tuoddim's Antique Weapon Boutique.
 34336 | Orc:2    | Reached skill level 5 in Necromancy
 34363 | Orc:2    | Found Bahinudwemn's Antique Armour Shoppe.
 34401 | Orc:2    | Bought a pair of pitted gloves for 275 gold pieces
 34416 | Orc:2    | Identified the +3 pair of gloves "Hugyibbi" {+Fly rPois
                  | MR+} (You bought it in a shop on level 2 of the Orcish
                  | Mines)
 34525 | Orc:2    | Found a runed translucent gate.
 34526 | Orc:2    | Found a runed translucent gate.
 34526 | Orc:2    | Found a runed translucent gate.
 34530 | Orc:2    | Noticed Bvern's ghost (journeyman DsWz)
 34736 | Orc:2    | Killed Bvern's ghost
 34928 | Orc:2    | Found Venaggul's General Store.
 34938 | Orc:2    | Bought a potion of resistance for 150 gold pieces
 34938 | Orc:2    | Bought a cursed amulet of inaccuracy for 30 gold pieces
 34938 | Orc:2    | Bought 2 javelins for 24 gold pieces
 34938 | Orc:2    | Bought a scroll of fear for 52 gold pieces
 34972 | Orc:2    | Found Beruguk's Antique Weapon Shoppe.
 34996 | Orc:2    | Reached skill level 5 in Armour
 35212 | Orc:2    | Found a staircase to the Elven Halls.
 35332 | Orc:2    | Received a gift from Okawaru
 35513 | Orc:2    | Bought the ring "Axeden" {*Contam +Inv rPois rN++ rCorr}
                  | for 775 gold pieces
 36253 | D:12     | Killed gruber's ghost
 36376 | D:12     | Bought a puce potion for 25 gold pieces
 36651 | D:13     | Reached XP level 16. HP: 77/117 MP: 13/26
 37796 | Orc:2    | Bought an uncursed ring of see invisible for 270 gold
                  | pieces
 38089 | D:14     | Found a gate to the Vaults.
 38172 | D:14     | Received a gift from Okawaru
 40231 | Lair:3   | Killed Qyacle Coxe's ghost
 40244 | Lair:3   | Got a pitted helmet
 40250 | Lair:3   | Identified the +1 helmet of Vamoaw {+Fly rElec rC+} (You
                  | found it on level 3 of the Lair of Beasts)
 40254 | Lair:3   | Got a pitted lead ring
 40256 | Lair:3   | Identified the ring of Koqoid {rC+ Int+3} (You found it on
                  | level 3 of the Lair of Beasts)
 40310 | Swamp:1  | Entered Level 1 of the Swamp
 41190 | Swamp:1  | Received a gift from Okawaru
 41603 | Swamp:1  | Reached skill level 1 in Shields
 42068 | Swamp:1  | Identified a scroll of acquirement
 43353 | Swamp:3  | Noticed a thorn hunter
 43370 | Swamp:3  | Killed a thorn hunter
 43616 | Swamp:3  | Noticed Aizul
 43765 | Swamp:3  | Reached XP level 17. HP: 99/124 MP: 21/27
 43830 | Swamp:3  | Reached skill level 9 in Fighting
 44190 | Swamp:3  | Killed Aizul
 45013 | Swamp:4  | Entered Level 4 of the Swamp
 45453 | Swamp:4  | Received a gift from Okawaru
 46455 | Swamp:4  | Received a gift from Okawaru
 46461 | Swamp:4  | Identified the +3 hand crossbow of Brutal Revenge {venom,
                  | +Blink rElec} (Okawaru gifted it to you on level 4 of the
                  | Swamp)
 46996 | Swamp:4  | Noticed the 27-headed Lernaean hydra
 47799 | Swamp:4  | Reached skill level 10 in Fighting
 47889 | Swamp:4  | Received a gift from Okawaru
 48574 | Swamp:4  | Killed the 27-headed Lernaean hydra
 48671 | Swamp:4  | Got a decaying rune of Zot
 48835 | Snake:1  | Entered Level 1 of the Snake Pit
 49228 | Snake:2  | Reached skill level 10 in Dodging
 50386 | Snake:1  | Received a gift from Okawaru
 50386 | Snake:1  | Reached skill level 11 in Fighting
 50424 | Snake:1  | Reached XP level 18. HP: 128/138 MP: 20/30
 51044 | Snake:1  | Received a gift from Okawaru
 51749 | Snake:2  | Found Reuhah's Food Shop.
 52161 | Snake:2  | Noticed Vashnia
 52176 | Snake:2  | Killed Vashnia
 53543 | Snake:2  | Found a shimmering altar of Xom.
 53764 | Snake:3  | Reached skill level 12 in Fighting
 53774 | Snake:3  | Found Daim's Assorted Antiques.
 54000 | Snake:3  | Bought a scroll of fog for 40 gold pieces
 54000 | Snake:3  | Bought a scroll of acquirement for 1040 gold pieces
 54853 | Snake:3  | Received a gift from Okawaru
 54942 | Snake:3  | Found Vataafec's Magic Scroll Shop.
 54964 | Snake:3  | Noticed Bai Suzhen
 54985 | Snake:3  | Killed Bai Suzhen
 54985 | Snake:3  | Received a gift from Okawaru
 55266 | Snake:3  | Bought a scroll of fog for 34 gold pieces
 55266 | Snake:3  | Bought a scroll of summoning for 161 gold pieces
 55266 | Snake:3  | Bought a scroll of acquirement for 884 gold pieces
 55271 | Snake:3  | Learned a level 2 spell: Passwall
 55274 | Snake:3  | Learned a level 2 spell: Song of Slaying
 55279 | Snake:3  | Learned a level 4 spell: Passage of Golubria
 55298 | Snake:3  | Received a gift from Okawaru
 55351 | Snake:3  | Reached skill level 10 in Spellcasting
 55386 | Snake:3  | Found Byreogew's Antique Weapon Shoppe.
 55542 | Snake:3  | Found Ziulat's Antique Weapon Emporium.
 55596 | Snake:4  | Entered Level 4 of the Snake Pit
 55779 | Snake:4  | Reached XP level 19. HP: 103/148 MP: 14/33
 55875 | Snake:4  | Found a transporter.
 55943 | Snake:4  | Noticed Hitos's ghost (journeyman DrSu)
 55972 | Snake:4  | Found Domeh's Gadget Shop.
 55972 | Snake:4  | Found City's Jewellery Shoppe.
 55973 | Snake:4  | Found Laofizybra's Jewellery Shoppe.
 56026 | Snake:4  | Received a gift from Okawaru
 56047 | Snake:4  | Reached skill level 13 in Fighting
 56493 | Snake:4  | Received a gift from Okawaru
 57440 | Snake:4  | Received a gift from Okawaru
 57926 | Snake:4  | Reached skill level 14 in Fighting
 57979 | Snake:4  | Reached skill level 10 in Throwing
 58074 | Snake:4  | Received a gift from Okawaru
 58118 | Snake:4  | Got a serpentine rune of Zot
 58700 | Snake:4  | Found a transporter.
 59386 | Snake:4  | Killed Hitos's ghost
 59416 | Snake:4  | Identified the ring "Dadwuoss" {*Drain rPois Int+4 Dex+6}
                  | (You found it on level 4 of the Snake Pit)
 59426 | Snake:4  | Identified the -1 cloak of Fyumin {Slay+3} (You found it on
                  | level 4 of the Snake Pit)
 59802 | Elf:1    | Entered Level 1 of the Elven Halls
 59847 | Elf:1    | Found Ziat Tyr's Assorted Antiques.
 59953 | Elf:1    | Bought a sapphire ring for 150 gold pieces
 59987 | Elf:1    | Found Emiloiw's General Store.
 60119 | Elf:1    | Learned a level 5 spell: Silence
 60668 | Elf:1    | Found Irodorph's Assorted Antiques.
 60720 | Elf:1    | Found a portal to a secret trove of treasure.
 60728 | Elf:1    | Found Goloyzo's Distillery.
 60942 | Elf:1    | Identified the Handbook of Blistering Dislocation
 61333 | Elf:2    | Reached skill level 1 in Hexes
 61333 | Elf:2    | Reached skill level 1 in Air Magic
 61493 | Elf:2    | Found Zun Pok's Antique Weapon Shop.
 61937 | Elf:2    | Reached XP level 20. HP: 147/160 MP: 19/35
 61958 | Elf:2    | Cast into level 3 of the Abyss (+1 long sword of
                  | distortion)
 62186 | Abyss:3  | Received a gift from Okawaru
 62209 | Elf:2    | Escaped the Abyss
 62753 | Elf:2    | Reached skill level 5 in Hexes
 62753 | Elf:2    | Reached skill level 5 in Air Magic
 63198 | Elf:2    | Received a gift from Okawaru
 63205 | Elf:2    | Found a huge runed translucent gate.
 63205 | Elf:2    | Found a huge runed translucent gate.
 63205 | Elf:2    | Found a huge runed translucent gate.
 63206 | Elf:2    | Found a huge runed translucent gate.
 63210 | Elf:2    | Found a huge runed translucent gate.
 63403 | Elf:3    | Entered Level 3 of the Elven Halls
 63816 | Elf:3    | Found Reunk's Book Shoppe.
 64361 | Elf:3    | Received a gift from Okawaru
 64761 | Elf:3    | Identified the +6 mace "Zoit" {flame, rC+ Int-3 Dex+3
                  | Stlth+}
 65126 | Elf:3    | Bought a book of the Earth for 1105 gold pieces
 65133 | Elf:3    | Learned a level 6 spell: Statue Form
 65208 | Elf:3    | Noticed Louise
 65401 | Elf:3    | Identified the ring of Xubyi {Fire rPois MP+9 Int-2 Dex+5}
 65536 | Elf:3    | Killed Louise
 65769 | Elf:3    | Identified the cursed +1 plate armour of Noon {MR+} (You
                  | found it on level 3 of the Elven Halls)
 65800 | Elf:3    | Identified Uczogoeq's Volume of Torrid Earth
 65802 | Elf:3    | Identified the Disquisition on Air and the Glacier
 65861 | Elf:3    | Reached skill level 10 in Earth Magic
 65864 | Elf:3    | Received a gift from Okawaru
 65871 | Elf:3    | Received a gift from Okawaru
 65954 | Elf:3    | Identified the Grimoire of Frigorific Good Luck
 65984 | Elf:3    | Identified the cursed +0 pair of gloves of the Pink Corner
                  | {+Inv rElec} (You found it on level 3 of the Elven Halls)
 66021 | Elf:3    | Identified the Tome of Creative Battle Magic
 66032 | Elf:3    | Identified the +3 spear "Yhualiror" {protect, *Noise rN+
                  | Int+3} (You found it on level 3 of the Elven Halls)
 66428 | Lair:5   | Learned a level 3 spell: Lesser Beckoning
 66641 | Vaults:1 | Entered Level 1 of the Vaults
 67149 | Vaults:1 | Reached XP level 21. HP: 163/166 MP: 31/37
 67376 | Vaults:1 | Found Qysuc's Antique Armour Boutique.
 67381 | Vaults:1 | Bought a heavily runed helmet for 408 gold pieces
 67381 | Vaults:1 | Identified the +0 helmet of Dithmenos's Supremacy {Harm
                  | rElec SInv} (You bought it in a shop on level 1 of the
                  | Vaults)
 67469 | Vaults:1 | Found Afointiod's Book Shoppe.
 67469 | Vaults:1 | Found Yhaytyokk's Distillery.
 67488 | Vaults:1 | Bought a potion of experience for 650 gold pieces
 67488 | Vaults:1 | Reached XP level 22. HP: 173/173 MP: 38/38
 68217 | Vaults:1 | Found Igravae's Book Shop.
 68230 | Vaults:1 | Found Vuajaeb's Armour Shop.
 68592 | Vaults:2 | Received a gift from Okawaru
 68732 | Vaults:2 | Found a staircase to the Crypt.
 68732 | Vaults:2 | Found a basalt altar of Yredelemnul.
 68733 | Vaults:2 | Found an ancient bone altar of Kikubaaqudgha.
 68764 | Vaults:2 | Reached skill level 15 in Fighting
 68886 | Crypt:1  | Entered Level 1 of the Crypt
 69180 | Crypt:1  | Received a gift from Okawaru
 69479 | Vaults:2 | Received a gift from Okawaru
 70396 | Crypt:1  | Found an ancient bone altar of Kikubaaqudgha.
 70549 | Crypt:1  | Received a gift from Okawaru
 70563 | Crypt:1  | Identified the +2 scale mail of the Turtle {Regen+}
                  | (Okawaru gifted it to you on level 1 of the Crypt)
 71180 | Crypt:2  | Noticed Mara
 71189 | Crypt:2  | Noticed Xenophilius's illusion
 71299 | Crypt:2  | Noticed Xenophilius's illusion
 71300 | Crypt:2  | Killed Mara
 71364 | Crypt:2  | Reached XP level 23. HP: 139/183 MP: 37/39
 71914 | Crypt:2  | Reached skill level 15 in Unarmed Combat
 71960 | Crypt:2  | Paralysed by a vampire knight for 6 turns
 71978 | Crypt:2  | Reached skill level 16 in Fighting
 72793 | Crypt:2  | Identified Beomeof's Catalogue of Sinister Rituals
 72812 | Crypt:3  | Entered Level 3 of the Crypt
 73474 | Crypt:3  | Received a gift from Okawaru
 73477 | Crypt:3  | Identified the +1 cloak of Qoteac {rF+ rC+ rN+ Dex+3}
                  | (Okawaru gifted it to you on level 3 of the Crypt)
 74166 | Crypt:3  | Found a staircase to the Tomb.
 74193 | Crypt:3  | Identified the ring of the Everdark {rElec rN+ Int+4} (You
                  | found it on level 3 of the Crypt)
 74194 | Crypt:3  | Identified the ring of Morality {rPois rN+ Int+2} (You
                  | found it on level 3 of the Crypt)
 74195 | Crypt:3  | Identified the ring "Woqu Gob" {rC+ rN+ Str+5} (You found
                  | it on level 3 of the Crypt)
 74257 | Crypt:3  | Reached skill level 15 in Dodging
 74779 | Crypt:3  | Noticed an ancient lich
 74809 | Crypt:3  | Killed an ancient lich
 74939 | Crypt:3  | Identified Bolueleb's Guide on Necromancy
 75050 | Crypt:3  | Found a basalt altar of Yredelemnul.
 75495 | Crypt:2  | Reached skill level 17 in Fighting
 76012 | Vaults:2 | Reached XP level 24. HP: 195/195 MP: 28/39
 76101 | Vaults:2 | Received a gift from Okawaru
 76788 | Vaults:3 | Found Asepraad's Weapon Boutique.
 76931 | Vaults:3 | Received a gift from Okawaru
 77683 | Vaults:3 | Identified the cursed +1 chain mail of Free Will {rF-
                  | Dex+3} (You found it on level 3 of the Vaults)
 79267 | Vaults:4 | Found Wonwum's Jewellery Emporium.
 79327 | Vaults:4 | Received a gift from Okawaru
 79632 | Vaults:4 | Received a gift from Okawaru
 80204 | Vaults:4 | Reached skill level 18 in Fighting
 80346 | Vaults:4 | Found the +8 glaive of the Guard {elec, +Rage AC+5 SInv}
 81384 | Slime:1  | Entered Level 1 of the Pits of Slime
 81401 | Slime:2  | Gained mutation: Armour fits poorly on your strangely
                  | shaped body. [a shining eye]
 81415 | Slime:2  | Received a gift from Okawaru
 81747 | Slime:5  | Entered Level 5 of the Pits of Slime
 82437 | Slime:5  | Reached XP level 25. HP: 204/204 MP: 39/39
 82458 | Slime:5  | Noticed the Royal Jelly
 82467 | Slime:5  | Received a gift from Okawaru
 82469 | Slime:5  | Found a viscous altar of Jiyva.
 82477 | Slime:5  | Killed the Royal Jelly
 82477 | Slime:5  | Received a gift from Okawaru
 82477 | Slime:5  | Received a gift from Okawaru
 83174 | Slime:3  | Gained mutation: You are partially covered in thin metallic
                  | scales. (AC +2) [a shining eye]
 83295 | Slime:5  | Found the +5 demon whip "Spellbinder" {antimagic, MR+}
 83329 | Slime:5  | Gained mutation: Your spells are much easier to cast, but
                  | much less powerful. [a shining eye]
 83330 | Slime:5  | Gained mutation: Scrolls take you a little longer to read.
                  | [a shining eye]
 83373 | Slime:5  | Received a gift from Okawaru
 83467 | Slime:5  | Found the +12 glaive of Prune {vorpal}
 83508 | Slime:5  | Identified the amulet "Tiches" {Faith Int+7} (You found it
                  | on level 5 of the Pits of Slime)
 83541 | Slime:5  | Got a smoking ivory ring
 83544 | Slime:5  | Identified the ring of the Hart {MR+ rCorr} (You found it
                  | on level 5 of the Pits of Slime)
 83548 | Slime:5  | Got a jewelled hand crossbow
 83549 | Slime:5  | Identified the +8 hand crossbow of the Pit {vorpal, rC+}
                  | (You found it on level 5 of the Pits of Slime)
 83585 | Slime:5  | Got a slimy rune of Zot
 83639 | Slime:5  | Identified the cursed +1 chain mail "Vapnut" {rC- rN+ MR+
                  | Dex+6} (You found it on level 5 of the Pits of Slime)
 83654 | Slime:5  | Lost mutation: Scrolls take you a little longer to read.
                  | [potion of mutation]
 83654 | Slime:5  | Lost mutation: Armour fits poorly on your strangely shaped
                  | body. [potion of mutation]
 83654 | Slime:5  | Gained mutation: Scrolls take you a little longer to read.
                  | [potion of mutation]
 83654 | Slime:5  | Gained mutation: You are somewhat resistant to further
                  | mutation. [potion of mutation]
 83666 | Slime:5  | Lost mutation: You are somewhat resistant to further
                  | mutation. [potion of mutation]
 83666 | Slime:5  | Lost mutation: Your spells are much easier to cast, but
                  | much less powerful. [potion of mutation]
 83666 | Slime:5  | Lost mutation: You are partially covered in thin metallic
                  | scales. (AC +2) [potion of mutation]
 83666 | Slime:5  | Lost mutation: Scrolls take you a little longer to read.
                  | [potion of mutation]
 83666 | Slime:5  | Gained mutation: You have large cloven feet. [potion of
                  | mutation]
 84006 | D:15     | Entered Level 15 of the Dungeon
 84121 | D:15     | Noticed Josephine
 84140 | D:15     | Killed Josephine
 84230 | D:15     | Found a staircase to the Depths.
 84304 | D:15     | Received a gift from Okawaru
 84730 | D:15     | Found Zarumau's Weapon Shoppe.
 85051 | Depths:1 | Entered Level 1 of the Depths
 85574 | Depths:1 | Reached skill level 19 in Fighting
 85585 | Depths:1 | Paralysed by a great orb of eyes for 2 turns
 85781 | Depths:1 | Received a gift from Okawaru
 85798 | Depths:1 | Got a fine helmet {god gift}
 85804 | Depths:1 | Identified the +2 helmet "Goizibb" {rN+ MR- Str+8} (Okawaru
                  | gifted it to you on level 1 of the Depths)
 86942 | Depths:1 | Found a gateway to Hell.
 87308 | Depths:2 | Got a steaming ivory ring
 87310 | Depths:2 | Identified the ring of Wavuy {rF+ rC- Str+3 Dex+4} (You
                  | found it on level 2 of the Depths)
 87547 | Depths:2 | You fall into a shaft and drop 1 floor!
 87566 | Depths:3 | Found a one-way gate leading to the halls of Pandemonium.
 88321 | Depths:2 | Reached XP level 26. HP: 169/214 MP: 36/39
 88681 | Depths:2 | Learned a level 5 spell: Lee's Rapid Deconstruction
 89429 | Depths:2 | Found the +9 staff of Olgreb {rPois∞}
 89738 | Depths:2 | Received a gift from Okawaru
 89891 | Depths:3 | Found a runed translucent door.
 89919 | Depths:3 | Received a gift from Okawaru
 89919 | Depths:3 | Reached skill level 20 in Fighting
 90017 | Depths:3 | Found a runed translucent door.
 90018 | Depths:3 | Found the +8 mithril axe "Arga" {speed, MR+}
 90020 | Depths:3 | Found a runed translucent door.
 90030 | Depths:3 | Found a runed translucent door.
 90117 | Depths:3 | Identified Erchoa's Handbook of Supportive Poisoning
 90378 | Depths:3 | Found a glowing golden altar of the Shining One.
 90585 | Depths:3 | Received a gift from Okawaru
 91251 | Depths:3 | Found a gateway to a ziggurat.
 91254 | Depths:3 | Paralysed by a floating eye for 3 turns
 91392 | Depths:3 | Noticed Asterion
 91417 | Depths:3 | Noticed Boris
 91420 | Depths:3 | Killed Asterion
 91431 | Depths:3 | Killed Boris
 91431 | Depths:3 | Reached skill level 10 in Necromancy
 91835 | Depths:3 | Paralysed by a floating eye for 4 turns
 91843 | Depths:3 | Paralysed by a floating eye for 4 turns
 91850 | Depths:3 | Paralysed by a floating eye for 3 turns
 91860 | Depths:3 | Paralysed by a floating eye for 3 turns
 92098 | Depths:4 | Received a gift from Okawaru
 92131 | Depths:4 | Found a flickering gateway to a bazaar.
 92143 | Bazaar   | Entered a bazaar
 92146 | Bazaar   | Found Huesmaez's Jewellery Emporium.
 92154 | Bazaar   | Found Jeej's Book Shop.
 92195 | Bazaar   | Found Lorch's Book Shoppe.
 92203 | Bazaar   | Found Kiuss's Food Boutique.
 92263 | Bazaar   | Bought a book of Transfigurations for 495 gold pieces
 92289 | Bazaar   | Bought a manual of Shields for 883 gold pieces
 92307 | Bazaar   | Bought the ring of Yesterday {*Drain rF- rN+ MR+ Int+10
                  | Stlth+} for 663 gold pieces
 92368 | Depths:4 | Identified the +4 scale mail "Alaacseing" {rC+ rN+ MR+
                  | Int-5} (Okawaru gifted it to you on level 4 of the Depths)
 92415 | Depths:4 | Reached skill level 5 in Shields
 92885 | Depths:4 | Found a corrupted altar of Lugonu.
 92885 | Depths:4 | Found a one-way gate to the infinite horrors of the Abyss.
 92983 | Depths:4 | Reached XP level 27. HP: 113/224 MP: 28/39
 93360 | Depths:4 | Reached skill level 10 in Shields
 93864 | Depths:4 | Identified the +5 plate armour "Xihoigon" {Int+3 Dex+3}
 95572 | Depths:4 | Received a gift from Okawaru
 95737 | Depths:5 | Entered Level 5 of the Depths
 96733 | Depths:5 | Reached skill level 15 in Shields
 96909 | Depths:5 | Got a steaming amber ring
 96911 | Depths:5 | Identified the ring "Peofenke" {Ice *Contam +Blink Int+3}
                  | (You found it on level 5 of the Depths)
 97280 | Depths:5 | Found a gate to the Realm of Zot.
 98191 | Elf:1    | You paid a toll of 2 scrolls of acquirement to enter a
                  | treasure trove
 98192 | Trove    | Entered a treasure trove
 98217 | Trove    | Got a wavering brass amulet
 98220 | Trove    | Got a flickering sapphire amulet
 98230 | Trove    | Got an ichor-stained halberd
 98261 | Elf:1    | Bought a scroll of identify for 66 gold pieces
 98261 | Elf:1    | Bought a scroll of identify for 66 gold pieces
 98261 | Elf:1    | Identified the amulet of Democracy {Spirit Fragile rElec
                  | Int+5 Stlth+} (You found it in a treasure trove)
 98262 | Elf:1    | Identified the amulet "Muel Gimnuh" {Spirit *Slow +Fly
                  | Str-2 Int+9} (You found it in a treasure trove)
 98297 | Elf:1    | Bought a potion of haste for 160 gold pieces
 98297 | Elf:1    | Bought a potion of haste for 160 gold pieces
 98297 | Elf:1    | Bought a potion of heal wounds for 80 gold pieces
 98297 | Elf:1    | Bought 2 potions of haste for 320 gold pieces
 98297 | Elf:1    | Bought a potion of cancellation for 128 gold pieces
 98297 | Elf:1    | Bought a potion of resistance for 160 gold pieces
 98384 | Orc:2    | Bought a wand of digging (4) for 240 gold pieces
 98384 | Orc:2    | Bought a scroll of magic mapping for 52 gold pieces
 98575 | Snake:4  | Bought the macabre finger necklace {rN+} for 640 gold
                  | pieces
 98575 | Snake:4  | Found the macabre finger necklace {rN+}
 98698 | Snake:2  | Bought a ration for 55 gold pieces
 98698 | Snake:2  | Bought a ration for 55 gold pieces
 98698 | Snake:2  | Bought a ration for 55 gold pieces
 98698 | Snake:2  | Bought a ration for 55 gold pieces
 98965 | Lair:5   | Learned a level 7 spell: Dragon Form
 98970 | Lair:5   | Learned a level 4 spell: Dispel Undead
 99757 | Vaults:1 | Bought a potion of haste for 130 gold pieces
 99757 | Vaults:1 | Bought a potion of haste for 130 gold pieces
 99757 | Vaults:1 | Bought a potion of ambrosia for 104 gold pieces
 99757 | Vaults:1 | Bought a potion of might for 52 gold pieces
 99757 | Vaults:1 | Bought 2 potions of cancellation for 208 gold pieces
100315 | Zot:1    | Entered Level 1 of the Realm of Zot
100372 | Zot:1    | Received a gift from Okawaru
100393 | Depths:5 | Reached skill level 21 in Fighting
100687 | Zot:1    | Received a gift from Okawaru
101198 | Zot:1    | Received a gift from Okawaru
101853 | Zot:2    | Received a gift from Okawaru
101853 | Zot:2    | Reached skill level 15 in Transmutations
101993 | Zot:2    | Noticed an orb of fire
101994 | Zot:2    | Gained mutation: Your spells are much easier to cast, but
                  | much less powerful. [an orb of fire]
102011 | Zot:2    | Killed an orb of fire
102041 | Zot:2    | Gained mutation: Your body sometimes deteriorates upon
                  | taking damage. [potion of mutation]
102041 | Zot:2    | Lost mutation: Your body sometimes deteriorates upon taking
                  | damage. [potion of mutation]
102041 | Zot:2    | Gained mutation: You are surrounded by a mild repulsion
                  | field. (EV +2) [potion of mutation]
102041 | Zot:2    | Gained mutation: You are surrounded by a moderate repulsion
                  | field. (EV +3) [potion of mutation]
102042 | Zot:2    | Lost mutation: You have large cloven feet. [potion of
                  | mutation]
102042 | Zot:2    | Lost mutation: Your spells are much easier to cast, but
                  | much less powerful. [potion of mutation]
102042 | Zot:2    | Lost mutation: Your spells are easier to cast, but less
                  | powerful. [potion of mutation]
102042 | Zot:2    | Gained mutation: Your flesh is heat resistant. (rF+)
                  | [potion of mutation]
102042 | Zot:2    | Gained mutation: You possess an exceptional clarity of
                  | mind. [potion of mutation]
102532 | Zot:2    | Reached skill level 10 in Evocations
102673 | Zot:2    | Received a gift from Okawaru
103005 | Zot:3    | Received a gift from Okawaru
103172 | Zot:3    | Reached skill level 22 in Fighting
103180 | Zot:3    | Received a gift from Okawaru
103944 | Zot:4    | Received a gift from Okawaru
104219 | Zot:4    | Noticed an orb of fire
104243 | Zot:4    | Gained mutation: Scrolls take you a little longer to read.
                  | [an orb of fire]
104258 | Zot:4    | Killed an orb of fire
104279 | Zot:4    | Noticed an orb of fire
104294 | Zot:4    | Killed an orb of fire
104309 | Zot:4    | Reached skill level 23 in Fighting
104508 | Zot:4    | Received a gift from Okawaru
104684 | Zot:5    | Entered Level 5 of the Realm of Zot
105376 | Zot:5    | Noticed an ancient lich
105801 | Zot:5    | Killed an ancient lich
105801 | Zot:5    | Received a gift from Okawaru
106063 | Zot:5    | Noticed an ancient lich
106479 | Zot:5    | Noticed an orb of fire
106499 | Zot:5    | Killed an orb of fire
106499 | Zot:5    | Reached skill level 24 in Fighting
106614 | Zot:5    | Noticed an orb of fire
106626 | Zot:5    | Killed an orb of fire
106667 | Zot:5    | Noticed an orb of fire
106673 | Zot:5    | Gained mutation: Armour fits poorly on your strangely
                  | shaped body. [an orb of fire]
106677 | Zot:5    | Killed an orb of fire
106688 | Zot:5    | Noticed an orb of fire
106704 | Zot:5    | Killed an orb of fire
106709 | Zot:5    | Received a gift from Okawaru
106830 | Zot:5    | Noticed an ancient lich
106841 | Zot:5    | Killed an ancient lich
106841 | Zot:5    | Reached skill level 25 in Fighting
107209 | Zot:5    | Identified the +2 pair of gloves "Gegeek" {Regen+ MP-9
                  | Int+7} (Okawaru gifted it to you on level 5 of the Realm of
                  | Zot)
107262 | Zot:5    | Noticed an orb of fire
107279 | Zot:5    | Killed an orb of fire
107427 | Zot:5    | Noticed an orb of fire
107440 | Zot:5    | Killed an orb of fire
107457 | Zot:5    | Killed an ancient lich
107494 | Zot:5    | Reached skill level 26 in Fighting
107754 | Zot:5    | Noticed an ancient lich
107770 | Zot:5    | Noticed an ancient lich
107817 | Zot:4    | Killed an ancient lich
107899 | Zot:5    | Noticed an orb of fire
107910 | Zot:5    | Gained mutation: You occasionally shout uncontrollably at
                  | your foes. [an orb of fire]
107916 | Zot:5    | Killed an orb of fire
107952 | Zot:5    | Received a gift from Okawaru
108531 | Zot:5    | Reached skill level 27 in Fighting
108541 | Zot:5    | Received a gift from Okawaru
108541 | Zot:5    | Reached skill level 10 in Armour
108858 | Zot:5    | Received a gift from Okawaru
109110 | Zot:5    | Killed an ancient lich
109513 | Zot:5    | Got the Orb of Zot
109710 | Depths:1 | Noticed Muapnide the pandemonium lord
109969 | D:$      | Escaped with the Orb!

Illustrated notes

Levels and vault maps discovered:
D:1:      sevenhm_arrival_forest_fort_small_5, layout_basic
D:2:      layout_loops_ring
D:3:      layout_loops_cross
D:4:      minmay_thinvault, layout_loops_ring, okawaru_metal_pillars_1_2,
          uniq_grinder
D:5:      layout_loops_ring, basic_altar, first_ration
D:6:      layout_layer_cave, nicolae_gozag_seed_capital, uniq_maggie,
          uniq_eustachio
D:7:      layout_gridville, marbit_many_paths,
          minmay_temple_entry_drinking_statues, item_on_display_a, uniq_pikel
D:8:      kennysheep_spiral_hall, layout_basic, nicolae_overflow_hidden_temple,
          serial_ice, serial_ice_k, serial_ice_g, serial_ice_d, serial_ice_n
D:9:      layout_roguey, uniq_joseph
D:10:     layout_long_grid
D:11:     layout_irregular_city, due_lair_maze_entry_diamond
D:12:     layout_cross, orc_0_dummy, ebering_ghost_gozag, serial_shops,
          nicolae_shop_overgrown_old_shop
D:13:     layout_roguey
D:14:     layout_basic, erik_vaults_2, kennysheep_another_room
D:15:     gammafunk_depths_entry_grave, layout_basic, serial_corexii_hall,
          chequers_hall_statues_wall_a, chequers_hall_statues_corner_a,
          corexii_hall_statues_i, corexii_hall_statues_i,
          hangedman_decor_peaks_small, serial_shops, nicolae_shop_behind_doors,
          uniq_josephine
Lair:1:   layout_long_grid, beast_lair_carwin_1, grunt_megastairs_1,
          minmay_lair_oklob_chamber
Lair:2:   layout_regular_city, guppyfry_snake_entry_garden, basic_altar,
          chequers_serial_rivers_micro_c
Lair:3:   layout_regular_city, skrybe_swamp_entry_bodies,
          gammafunk_ghost_berserking_beasts, basic_altar, minivault_27,
          st_stairs_8, uniq_rupert
Lair:4:   layout_gridlike, serial_bayou_shore_b
Lair:5:   layout_roguey, serial_bayou_shore_b
Lair:6:   minmay_lair_end_enchanted_forest, layout_loops_ring, slime_altar_1,
          nicolae_volcano_entry_hallway
Swamp:1:  layout_basic_swamp, serial_swamp_ruin, evilmike_swamp_ruin_house_6,
          evilmike_swamp_ruin_house_5, evilmike_swamp_ruin_wall
Swamp:2:  layout_falls_marsh, evilmike_swamp_ruin_house_2, swamp_pool1,
          nicolae_swamp_little_tower
Swamp:3:  layout_basic_swamp, evilmike_swamp_ruin_house_4, uniq_aizul
Swamp:4:  swamp_old_school, layout_basic_swamp
Snake:1:  hangedman_cross_veins, layout_chambers, evilmike_ambush
          [evilmike_ambush_outer_basic, evilmike_ambush_inner_pond]
Snake:2:  layout_misc_corridors, serial_shops, nicolae_shop_trees, basic_altar,
          grunt_megastairs_2, lemuel_fruit_tree, uniq_vashnia
Snake:3:  layout_rooms, serial_shops, shop, shop,
          nicolae_shop_competitors_out_of_business, shop, nicolae_snake_shapes,
          uniq_bai_suzhen
Snake:4:  snake_pit, layout_rooms, gammafunk_ghost_berserking_beasts,
          grunt_ministairs_9, nicolae_snake_lava_pool, minmay_shop_grove
Slime:1:  layout_caves
Slime:2:  layout_caves
Slime:3:  layout_caves
Slime:4:  layout_caves
Slime:5
Orc:1:    layout_caves, serial_shops, nicolae_shop_crystal, enter_bailey_6
Orc:2:    grunt_orc_gardens, layout_caves, grunt_orc_garden, grunt_orc_garden,
          grunt_orc_garden, grunt_orc_garden, gammafunk_ghost_split,
          serial_shops, nicolae_shop_behind_doors, uniq_saint_roka
Elf:1:    layout_loops_corners, enter_trove_1, serial_shops, shop, shop, shop,
          nicolae_shop_trees, kennysheep_underground_church,
          small_statue_intersection
Elf:2:    layout_onion_city, serial_shops, nicolae_shop_stone
Elf:3:    minmay_elf_hall, layout_geoelf_grid, serial_shops,
          nicolae_shop_statue_plus, uniq_louise
Vaults:1: v_misc_2, nicolae_vaults_asterisk, vaults_standard_mumra_x,
          ontoclasm_vaults_gateway, v_alt_pattern_2,
          nicolae_vaults_ring_of_whatevers, layout_vaults_quadrants,
          serial_shops, nicolae_shop_crystal, nicolae_shop_behind_doors,
          nicolae_shop_window_shopping, nicolae_shop_overgrown_old_shop,
          nicolae_shop_competitors_out_of_business
Vaults:2: ontoclasm_vaults_ring_large, minmay_crypt_entry_necro_gods,
          nicolae_vaults_what_the_h, ontoclasm_vaults_ring_large,
          dpeg_vaults_monster_box, v_alt_pattern_6, v_misc_33,
          nicolae_vaults_little_squares_1, v_misc_4, v_misc_23, v_misc_1,
          v_misc_17, ontoclasm_vaults_misaligned, vaults_room_semicircle,
          v_misc_17, vaults_room_door_ring, nicolae_vaults_little_squares_4,
          layout_vaults_big_cross
Vaults:3: nicolae_vaults_sealed_display, nicolae_vaults_hallways_thing,
          hangedman_vaults_variations, st_octagons_2, v_misc_19,
          vaults_room_semicircle, v_misc_16, nicolae_vaults_yaktaur_gun_rack,
          nicolae_vaults_little_squares_4, vaults_room_pools,
          layout_vaults_ring, serial_shops, nicolae_shop_stone
Vaults:4: hangedman_vaults_corner, nicolae_vaults_windows_and_doors_thing,
          minmay_guarded_unrand_guard_vaults, hangedman_vaults_snaps,
          ontoclasm_vaults_loading_screen, v_misc_3, v_misc_1,
          nicolae_vaults_little_squares_6, nicolae_vaults_network_star,
          vaults_mumra_chevron_long, vaults_dpeg_ring, layout_vaults_omnibox,
          serial_shops, nicolae_shop_waterfront
Crypt:1:  layout_misc_corridors, nicolae_crypt_ancient_font,
          weyrava_vampire_temple, grunt_crypt_arrival_guarded_gate
Crypt:2:  layout_rooms, special_room [special_room_morgue],
          nicolae_crypt_niches, uniq_mara
Crypt:3:  cryptofortress_bobbens
Depths:1: layout_small_grid, chequers_serial_rivers_room_b, hell_entry,
          minmay_liquid_box, grunt_decor_arrowhead, bh_walls_and_bars,
          kennysheep_random_hallway, serial_bayou_shore_a
Depths:2: radiant_caverns_b_rkd, hell_entry, pan_entry
Depths:3: impenetrable_vault, layout_basic, enter_ziggurat_d,
          grunt_pan_entry_spiral, hell_entry, minivault_11, tso_metal_star,
          uniq_boris, uniq_asterion
Depths:4: cheibrodos_leafed_vault, layout_cave_pools, grunt_mini_vestibule,
          minmay_misc_feat_five, abyss_entry_flame_altar, serial_shops,
          bzr_entry_road, evilmike_ambush [evilmike_ambush_outer_pillars,
          evilmike_ambush_inner_wall_1]
Depths:5: grunt_zot_entry_tricorne, layout_gridlike, hell_entry, pan_entry,
          minmay_splitting_lines, drop_trap
Zot:1:    layout_onion_interference, hangedman_zot_spectrum
Zot:2:    layout_onion
Zot:3:    layout_cellular_growth
Zot:4:    layout_misc_corridors, nicolae_zot_crop_circle
Zot:5:    layout_misc_corridors

Skill      XL: |  1  2  3  4  5  6  7  8  9 10 11 12 13 14 15 16 17 18 19 20 21 22 23 24 25 26 27 |
---------------+----------------------------------------------------------------------------------+-----
Stealth        | 1 2 3 5 |  5.0
Transmutations | 3 4 5 7 10 11 12 13 16 | 16.0
Poison Magic   | 1 2 3 4 5 |  5.0
Spellcasting   | 3 4 6 7 8 10 11 12 | 12.5
Unarmed Combat | 4 6 7 9 11 12 14 17 19 20 22 | 22.0
Invocations    | 3 5 7 8 |  8.0
Ice Magic      | 5 7 8 9 |  9.0
Fighting       | 2 4 5 7 8 11 12 14 15 17 18 19 20 27 | 27.0
Dodging        | 4 5 7 8 10 12 13 14 15 16 17 18 22 | 22.0
Translocations | 3 4 5 7 |  7.0
Evocations     | 2 4 5 7 10 | 10.0
Charms         | 5 9 |  9.0
Throwing       | 2 5 8 10 11 | 11.0
Necromancy     | 3 6 8 9 10 11 | 11.0
Earth Magic    | 4 6 9 10 11 12 | 12.0
Armour         | 6 8 13 | 13.6
Shields        | 2 4 8 15 | 15.0
Hexes          | 2 7 8 |  8.0
Air Magic      | 2 7 8 |  8.0

Action                   |  1- 3 |  4- 6 |  7- 9 | 10-12 | 13-15 | 16-18 | 19-21 | 22-24 | 25-27 || total
-------------------------+-------+-------+-------+-------+-------+-------+-------+-------+-------++-------
Melee: Unarmed           |   144 |   163 |   320 |   758 |   626 |  1175 |   613 |  1727 |  2018 ||  7544
       Kick              |    11 |     1 |       |       |       |       |       |       |    74 ||    86
       Headbutt          |    10 |    19 |    19 |    10 |     3 |       |       |       |       ||    61
       Punch             |       |     1 |     1 |     4 |    23 |    71 |    20 |    66 |   185 ||   371
       Tailslap          |       |       |       |       |       |       |       |       |     1 ||     1
Throw: Stone             |    12 |    12 |     4 |     3 |     5 |       |       |       |       ||    36
       Dart              |     9 |     8 |    17 |    19 |    16 |       |       |       |       ||    69
       Boomerang         |       |       |       |       |    10 |    75 |   237 |    58 |    94 ||   474
       Javelin           |       |       |       |       |     7 |    23 |   107 |    35 |   104 ||   276
 Cast: Beastly Appendage |    43 |    39 |    19 |    11 |     6 |       |       |       |       ||   118
       Sticks to Snakes  |     3 |     4 |       |    11 |       |     7 |       |       |       ||    25
       Spider Form       |       |     4 |    28 |    41 |     1 |       |     1 |       |       ||    75
       Ice Form          |       |       |     1 |    42 |    33 |    19 |     5 |       |       ||   100
       Blade Hands       |       |       |       |     7 |    63 |   165 |    73 |    84 |   202 ||   594
       Ozocubu's Armour  |       |       |       |    34 |    43 |     1 |       |       |       ||    78
       Frozen Ramparts   |       |       |       |    22 |    59 |    94 |    54 |     4 |    11 ||   244
       Borgnjor's Vile C |       |       |       |       |     3 |    24 |    78 |    62 |    99 ||   266
       Blink             |       |       |       |       |       |       |     2 |     1 |     9 ||    12
       Statue Form       |       |       |       |       |       |       |     6 |    46 |    30 ||    82
       Lesser Beckoning  |       |       |       |       |       |       |     3 |    17 |    66 ||    86
       Song of Slaying   |       |       |       |       |       |       |     1 |    27 |    21 ||    49
       Passwall          |       |       |       |       |       |       |     1 |     2 |     3 ||     6
       Passage of Golubr |       |       |       |       |       |       |       |     5 |       ||     5
       Silence           |       |       |       |       |       |       |       |     4 |       ||     4
       Lee's Rapid Decon |       |       |       |       |       |       |       |       |     8 ||     8
       Dragon Form       |       |       |       |       |       |       |       |       |     1 ||     1
Invok: Heroism           |       |       |     2 |     7 |    18 |    12 |     2 |    13 |    19 ||    73
       Finesse           |       |       |       |       |     1 |     1 |       |       |    11 ||    13
 Abil: Hop               |    10 |     8 |     5 |     6 |     6 |    21 |    10 |     9 |    19 ||    94
       End Transformatio |       |       |       |     3 |     1 |    15 |    18 |    21 |    41 ||    99
       Evoke Invisibilit |       |       |       |       |       |    10 |     4 |       |    14 ||    28
       Evoke Flight      |       |       |       |       |       |       |       |       |     3 ||     3
Evoke: Wand              |       |       |       |     1 |     6 |     5 |     1 |     1 |    29 ||    43
  Use: Scroll            |     1 |     5 |     5 |    13 |     9 |     7 |    12 |     6 |    25 ||    83
       Potion            |     1 |       |       |     2 |     3 |       |     4 |     2 |     9 ||    21
 Stab: Sleeping          |       |       |     7 |     9 |     4 |     1 |       |     2 |     1 ||    24
       Invisible         |       |       |       |       |       |    15 |     5 |       |    75 ||    95
       Distracted        |       |       |       |       |       |       |       |     1 |     1 ||     2
       Paralysed         |       |       |       |       |       |       |       |       |    12 ||    12
       Confused          |       |       |       |       |       |       |       |       |     3 ||     3
  Eat: Chunk             |     8 |    12 |    16 |    43 |    51 |    61 |    34 |    44 |    87 ||   356
       Ration            |       |       |     1 |     6 |     6 |    18 |    12 |    15 |    21 ||    79
Armor: Leather armour    |    12 |    29 |    36 |       |       |       |       |       |       ||    77
       Skin              |       |       |    33 |   117 |    52 |    34 |    28 |   463 |   124 ||   851
       Acid dragon scale |       |       |    12 |    37 |       |       |       |       |       ||    49
       Robe              |       |       |       |    16 |    45 |       |       |       |       ||    61
       Ring mail         |       |       |       |       |   106 |   377 |   127 |   157 |   290 ||  1057
Dodge: Dodged            |    56 |    81 |   226 |   538 |   406 |   852 |   390 |  1482 |  1318 ||  5349
       Repelled          |       |       |       |       |     2 |    79 |    56 |    34 |    39 ||   210
Block: Buckler           |       |       |       |       |       |    78 |   187 |   888 |   307 ||  1460
       Other             |       |       |       |       |       |    34 |    50 |    74 |    78 ||   236
       Reflection        |       |       |       |       |       |     8 |    51 |    20 |    36 ||   115
       Kite shield       |       |       |       |       |       |       |       |       |    99 ||    99

Table legend:
 A = Non-vault XP
 B = Vault XP
 C = Vault XP percentage of total XP
 D = Non-vault monster count
 E = Vault monster count
 F = Vault count percentage of total count
                 A         B        C        D         E       F
            +---------+---------+-------+---------+---------+-------
      Total |  884725 |  901401 |  50.5 |    1509 |     918 |  37.8
            +---------+---------+-------+---------+---------+-------
        D:1 |      49 |       0 |   0.0 |      29 |       0 |   0.0
        D:2 |      18 |       0 |   0.0 |      10 |       0 |   0.0
        D:3 |     265 |       0 |   0.0 |      34 |       0 |   0.0
        D:4 |     391 |     714 |  64.6 |      11 |      10 |  47.6
        D:5 |    1019 |       0 |   0.0 |      19 |       0 |   0.0
        D:6 |     845 |     620 |  42.3 |      16 |       2 |  11.1
        D:7 |    1203 |     741 |  38.1 |      21 |       2 |   8.7
        D:8 |    1298 |     642 |  33.1 |       7 |      12 |  63.2
        D:9 |    1750 |     439 |  20.1 |      28 |       1 |   3.4
       D:10 |    1746 |     199 |  10.2 |      29 |       1 |   3.3
       D:11 |    3035 |    3566 |  54.0 |      24 |      16 |  40.0
       D:12 |    1561 |    2523 |  61.8 |       5 |       5 |  50.0
       D:13 |   11708 |       0 |   0.0 |      36 |       0 |   0.0
       D:14 |   11815 |    7861 |  40.0 |      47 |       8 |  14.5
       D:15 |   17653 |    7508 |  29.8 |      40 |      14 |  25.9
     Lair:1 |    1722 |    4297 |  71.4 |       7 |      12 |  63.2
     Lair:2 |    2986 |     153 |   4.9 |      14 |       1 |   6.7
     Lair:3 |    4655 |    5973 |  56.2 |      18 |      11 |  37.9
     Lair:4 |    7490 |       0 |   0.0 |      31 |       0 |   0.0
     Lair:5 |    2382 |       0 |   0.0 |      12 |       0 |   0.0
     Lair:6 |    7833 |    9007 |  53.5 |      26 |      45 |  63.4
    Swamp:1 |    8065 |       0 |   0.0 |      22 |       0 |   0.0
    Swamp:2 |    4134 |       0 |   0.0 |      13 |       0 |   0.0
    Swamp:3 |   15720 |    2228 |  12.4 |      36 |       2 |   5.3
    Swamp:4 |   10673 |   18616 |  63.6 |      33 |      22 |  40.0
    Snake:1 |    8386 |   18832 |  69.2 |      18 |      37 |  67.3
    Snake:2 |   18425 |   10787 |  36.9 |      33 |      13 |  28.3
    Snake:3 |   21318 |   10130 |  32.2 |      33 |       8 |  19.5
    Snake:4 |   15178 |   47961 |  76.0 |      41 |      70 |  63.1
    Slime:2 |    7178 |       0 |   0.0 |       9 |       0 |   0.0
    Slime:3 |    4584 |       0 |   0.0 |      11 |       0 |   0.0
    Slime:4 |    8142 |       0 |   0.0 |      23 |       0 |   0.0
    Slime:5 |    5152 |   35467 |  87.3 |       6 |      15 |  71.4
      Orc:1 |    2749 |    8847 |  76.3 |      15 |      10 |  40.0
      Orc:2 |    1070 |    8010 |  88.2 |      20 |      20 |  50.0
      Elf:1 |   11353 |    3904 |  25.6 |      19 |       6 |  24.0
      Elf:2 |   14987 |    3891 |  20.6 |      22 |       4 |  15.4
      Elf:3 |   19632 |   42820 |  68.6 |      30 |      23 |  43.4
   Vaults:1 |   16087 |    5290 |  24.7 |      30 |      10 |  25.0
   Vaults:2 |   41967 |   23023 |  35.4 |      62 |      27 |  30.3
   Vaults:3 |   22821 |   16975 |  42.7 |      39 |      23 |  37.1
   Vaults:4 |   23536 |   37046 |  61.2 |      40 |      39 |  49.4
    Crypt:1 |   40249 |    3054 |   7.1 |      67 |       6 |   8.2
    Crypt:2 |   22978 |   34339 |  59.9 |      38 |      24 |  38.7
    Crypt:3 |       0 |   67670 | 100.0 |       0 |      91 | 100.0
   Depths:1 |   42921 |    7156 |  14.3 |      65 |       5 |   7.1
   Depths:2 |       0 |   68271 | 100.0 |       0 |      94 | 100.0
   Depths:3 |   52385 |   29026 |  35.7 |      67 |      25 |  27.2
   Depths:4 |   43573 |   70914 |  61.9 |      42 |      48 |  53.3
   Depths:5 |   32987 |   23269 |  41.4 |      35 |      16 |  31.4
      Zot:1 |   66344 |   45066 |  40.5 |      40 |      35 |  46.7
      Zot:2 |   60236 |       0 |   0.0 |      35 |       0 |   0.0
      Zot:3 |   40274 |       0 |   0.0 |      26 |       0 |   0.0
      Zot:4 |   63608 |   16132 |  20.2 |      30 |       4 |  11.8
      Zot:5 |   44611 |  191589 |  81.1 |      22 |      45 |  67.2
    Abyss:3 |   11978 |       0 |   0.0 |      23 |       0 |   0.0
     Bailey |       0 |    2293 | 100.0 |       0 |      39 | 100.0
    Volcano |       0 |    4552 | 100.0 |       0 |      17 | 100.0
            +---------+---------+-------+---------+---------+-------
